Unix NetHack Version 5.0.0-0 post-release - last build Jun 10 2026 00:39:30 (3ee93aec679c4c4259841fe613dc97188e26a321,branch:main).

Game began 2026-06-22 01:35:59, ended 2026-06-22 01:52:47.

Booker, lawful male human Knight

      ---------                                                  -------
      |....%...#     --------------                              |.....|
      |.......|##    |............|                             #-.....|
      |.....>.| #####|............|                             #|.....|
      |.......|     #.............|                             #----|--
      -----.---      |.%..........|                            ##    #
           #         -.------------                          ###     #
           #          #%###                                  #       #
           #              ###                                #       #
           #                #####                            #      ##
         ###                    #                            #    --|--
         #                      ###              ##          #    |...|
         #                        #               ################-...|
         #                     ---.------      ---|----------#    |...|
         |                     |..<.....|    ##-........o...|#    |...|
         .                     |........|    # |....%))@o....#    |...|
        %)]                    |........| #### |........o...|     -----
        )!%                    |........-##    --------------
       -----                   ----------

Booker the Esquire       St:15 Dx:9 Co:10 In:8 Wi:16 Ch:17  Lawful S:571
Dlvl:5  $:81 HP:0(27) Pw:21(21) AC:3  Xp:3/70 T:1883  Burdened

Latest messages:
 The cave spider bites!
 The kobold hits!
 The kobold hits!
 The cave spider bites!
 You kill the kobold!
 Welcome to experience level 3.
 The cave spider bites!
 You have a little trouble lifting x - a scroll labeled EIRIS SAZUN IDISI.
 You miss the cave spider.
 The cave spider misses!
 The cave spider bites!
 You kill the cave spider!
 You hear the footsteps of a guard on patrol.
 You see here a cave spider corpse.
 You hear the footsteps of a guard on patrol.
 The hobgoblin hits!
 You kill the hobgoblin!
 You have a little trouble lifting y - a ruby potion.
 You see here a bat corpse.
 You see here a bat corpse.
 The goblin hits!
 You miss the goblin.
 You kill the goblin!
 You see here a goblin corpse.
 You hear the footsteps of a guard on patrol.
 You hear the footsteps of a guard on patrol.
 The hill orc throws an orcish dagger!
 An orcish dagger misses you.
 The hill orc throws an orcish dagger!
 An orcish dagger misses you.
 You hit the hill orc.
 The hill orc hits!
 You kill the hill orc!
 You see here a hill orc corpse.
 You see here an orcish dagger.
 You see here an orcish dagger.
 The hill orc hits!
 You hit the hill orc.
 The hill orc drinks a yellow potion!
 The hill orc looks much better.
 The hill orc just misses!
 You miss the hill orc.
 The hill orc hits!
 The hill orc hits!
 The hill orc wields a scimitar!
 You miss the hill orc.
 The hill orc hits!
 The hill orc hits!
 The hill orc hits!
 You die...

Inventory:
 Coins    ('$')
  $ - 81 gold pieces
 Amulets  ('"')
  p - an uncursed amulet of magical breathing (being worn)
 Weapons  (')')
  a - an uncursed +1 long sword (weapon in right hand)
  b - an uncursed +1 lance (alternate weapon; not wielded)
 Armor    ('[')
  d - a blessed +0 helmet (being worn)
  f - an uncursed +0 pair of leather gloves (being worn)
  e - an uncursed +0 small shield (being worn)
  c - an uncursed +1 ring mail (being worn)
 Comestibles  ('%')
  g - 11 uncursed apples
  h - 10 uncursed carrots
  i - 3 uncursed food rations
  o - an uncursed fortune cookie
 Scrolls  ('?')
  x - an uncursed scroll of amnesia
 Spellbooks  ('+')
  q - an uncursed spellbook of healing
 Potions  ('!')
  u - an uncursed potion of confusion
  m - 2 blessed potions of healing
  y - an uncursed potion of invisibility
 Rings    ('=')
  r - an uncursed ring of slow digestion (on left hand)
 Wands    ('/')
  w - an uncursed wand of sleep (0:6)
 Tools    ('(')
  t - an uncursed lock pick
 Gems/Stones  ('*')
  k - an uncursed aquamarine stone
  s - an uncursed worthless piece of violet glass

Booker the Knight's attributes:

Background:
 You were an Esquire, a level 3 male human Knight.
 You were lawful, nominally on a mission for Lugh
 who was opposed by Brigit (neutral) and Manannan Mac Lir (chaotic).
 You were right-handed.
 You were in the Dungeons of Doom, on level 5.
 You entered the dungeon 1883 turns ago.
 It was nighttime.
 You had 70 experience points, 10 more were needed to attain level 4.
 Your score was 571 before end-of-game adjustments.

Basics:
 You had 0 out of 27 hit points.
 You had all 21 energy points (spell power).
 Your armor class was 3.
 Your wallet contained 81 zorkmids.
 Autopickup was on for '$%?!"=/' plus thrown, with exceptions.

Final Characteristics:
 Your strength was 15 (limit:18/100).
 Your dexterity was 9 (limit:18).
 Your constitution was 10 (limit:18).
 Your intelligence was 8 (limit:18).
 Your wisdom was 16 (limit:18).
 Your charisma was 17 (limit:18).

Final Status:
 You weren't hungry.
 You were burdened; movement was slightly slowed.
 You were wielding a long sword.
 You had basic skill with long sword.

Final Attributes:
 You were devoutly aligned.
 You could jump.
 You could survive without air.
 You had slower digestion.
 You were warded.
 Your spell casting was impaired by metallic armor.
 You are dead.

Miscellaneous:
 You disabled loading and storing of bones levels.
 Total elapsed playing time was 16 minutes and 47 seconds.

Major events:
 Turn
    1: Booker the lawful male human Knight entered the dungeon
 1656: attained the rank of Esquire (level 3)
 1883: killed by a hill orc

Spells:
 Name                 Level Category     Fail Retention
 healing                1   healing      100%  76%-100%

Skills:
 Fighting Skills
   bare handed combat [Unskilled]
   two weapon combat  [Unskilled]
   riding             [Basic]
 Weapon Skills
   dagger             [Unskilled]
   knife              [Unskilled]
   axe                [Unskilled]
   pick-axe           [Unskilled]
   short sword        [Unskilled]
   broadsword         [Unskilled]
   long sword         [Basic]
   two-handed sword   [Unskilled]
   saber              [Unskilled]
   club               [Unskilled]
   mace               [Unskilled]
   morning star       [Unskilled]
   flail              [Unskilled]
   hammer             [Unskilled]
   polearms           [Unskilled]
   spear              [Unskilled]
   trident            [Unskilled]
   lance              [Basic]
   bow                [Unskilled]
   crossbow           [Unskilled]
 Spellcasting Skills
   attack spells      [Unskilled]
   healing spells     [Unskilled]
   clerical spells    [Unskilled]

Voluntary challenges:
 Character rerolling was not enabled.
 You were an atheist.
 You never genocided any monsters.
 You never polymorphed an object.
 You never changed form.
 You used no wishes.
Achievement:
 You attained the rank of Esquire.

 The Dungeons of Doom: levels 1 to 5
    Level 1:
    Level 2:
    Level 3:
       A fountain.
    Level 4:
    Level 5: <- You were here.
       Final resting place for
          you, killed by a hill orc.


Vanquished creatures:
  a hill orc
  a werejackal
  2 hobbits
  2 hobgoblins
  a giant rat
  a cave spider
  a yellow mold
  3 geckos
 10 jackals
  2 foxes
  2 kobolds
  4 goblins
  2 sewer rats
  a grid bug
  a bat
  a lichen
  6 newts
41 creatures vanquished.

No species were genocided or became extinct.

Game over:
                       ----------
                      /          \
                     /    REST    \
                    /      IN      \
                   /     PEACE      \
                  /                  \
                  |      Booker      |
                  |      81 Au       |
                  | killed by a hill |
                  |       orc        |
                  |                  |
                  |                  |
                  |       2026       |
                 *|     *  *  *      | *
        _________)/\\_//(\/(/\)/\//\/|_)_______

Fare thee well Booker the Knight...

You died in The Dungeons of Doom on dungeon level 5 with 563 points,
and 81 pieces of gold, after 1883 moves.
You were level 3 with a maximum of 27 hit points when you died.

